Map: King's Cove LE

Players

Parkkatz - Winner!

  • Race: Zerg Zerg
  • League: Platinum
  • Spawn Location: 11:00

BabyMike

  • Race: Protoss Protoss
  • League: Platinum
  • Spawn Location: 5:00

VOD

Have the link to the VOD?

Description

Time

  • Played on: June 30, 2019, 9:04 a.m.
  • Length: 11:21
Show
View Real Time Build Order
Export as new Build Order

Parkkatz Zerg - Winner!

Build Orders: Hatch First 

Get SALT Encoding   

  12  0:01  Drone  
  13  0:16  Overlord  
  13  0:18  Drone  
  14  0:34  Drone x2  
  16  0:39  Drone  
  17  0:58  Hatchery, Drone  
  17  1:12  Spawning Pool  
  17  1:15  Drone  
  17  1:22  Drone  
  18  1:37  Drone x2  
  20  1:40  Extractor  
  19  2:00  Queen  
  21  2:07  Zergling x2  
  22  2:10  Zergling x2  
  22  2:11  Overlord  
  22  2:13  Queen  
  25  2:15  Drone  
  26  2:27  Drone x2  
  28  2:44  Queen  
  28  2:47  Drone  
  28  2:51  Drone  
  32  2:52  Hatchery, Drone  
  32  2:58  Metabolic Boost  
  31  3:13  Drone x4  
  35  3:20  Overlord  
  35  3:28  Overlord  
  35  3:38  Drone x3, Queen  
  35  3:39  Drone x2  
  42  3:47  Baneling Nest  
  41  3:54  Drone x2, Extractor  
  41  3:55  Zergling x4, Extractor  
  43  3:56  Zergling x2  
  43  3:57  Zergling x2  
  45  4:05  Drone x2  
  45  4:06  Drone  
  45  4:07  Drone  
  45  4:08  Drone  
  45  4:09  Drone  
  51  4:25  Queen  
  51  4:27  Drone x2  
  51  4:30  Zergling x4  
  57  4:51  Lair  
  57  4:55  Spore Crawler  
  57  4:57  Spore Crawler  
  57  4:58  Drone x2  
  57  5:13  Baneling  
  57  5:14  Baneling x2  
  57  5:36  Overlord x3  
  57  5:42  Baneling x4  
  57  5:52  Extractor  
  57  5:53  Extractor  
  57  5:54  Spore Crawler, Drone x13  
  57  5:55  Drone x2  
  68  5:57  Zergling x2  
  68  6:03  Roach Warren  
  68  6:04  Zergling x2  
  68  6:12  Zergling x6  
  71  6:18  Zergling x2  
  71  6:19  Zergling x12  
  71  6:22  Baneling  
  71  6:23  Baneling x7  
  78  6:37  Evolution Chamber  
  78  6:38  Evolution Chamber  
  76  6:47  Queen  
  76  6:48  Queen  
  80  6:54  Centrifical Hooks  
  80  6:56  Glial Reconstitution  
  80  6:59  Overlord x2  
  80  7:00  Overseer, Overlord x2  
  80  7:07  Drone  
  81  7:14  Zerg Missile Weapons Level 1  
  81  7:15  Zerg Ground Armor Level 1  
  81  7:17  Queen  
  81  7:19  Roach x6  
  81  7:20  Roach x8  
  81  7:21  Roach  
  113  7:32  Overlord x2  
  100  8:10  Drone x3  
  100  8:11  Overlord  
  85  8:40  Roach  
  85  8:41  Roach x15  
  103  8:46  Hydralisk Den  
  100  8:49  Extractor  
  100  8:50  Zergling x14  
  100  8:54  Drone x2  
  108  9:04  Zergling x2  
  108  9:05  Zergling x8  
  113  9:10  Hatchery  
  113  9:12  Ravager x4  
  113  9:13  Ravager x2, Zergling x4  
  113  9:14  Zergling x6  
  113  9:15  Baneling x3  
  113  9:16  Baneling x3  
  123  9:17  Zergling x2  
  123  9:18  Zergling x2  
  108  10:01  Muscular Augments  
  108  10:02  Hydralisk x8  
  116  10:23  Overlord x4  
  116  10:24  Drone x2  
  116  10:25  Drone x6  
  116  10:26  Drone x2  
  115  10:39  Zergling x10  
  115  10:40  Zergling x10  
  120  10:43  Drone  
Show
View Real Time Build Order
Export as new Build Order

BabyMike Protoss 

Build Orders: 1 Gate Expand, Oracle Opening 

Get SALT Encoding   

  12  0:01  Probe  
  13  0:13  Probe  
  14  0:21  Pylon  
  14  0:25  Probe  
  15  0:42  Gateway  
  15  0:46  Probe  
  15  0:48  Assimilator  
  15  0:54  Probe  
  17  1:04  Probe  
  18  1:17  Probe  
  19  1:29  Probe  
  20  1:33  Nexus  
  20  1:41  Probe  
  20  1:43  Cybernetics Core  
  21  1:56  Assimilator, Pylon  
  21  2:22  Zealot  
  23  2:23  Warp Gate  
  23  2:24  Gateway  
  23  2:28  Probe  
  23  2:36  Probe  
  25  2:50  Stargate  
  25  2:53  Zealot, Probe  
  25  2:54  Probe  
  29  3:08  Probe x2  
  31  3:14  Stalker  
  33  3:20  Probe  
  33  3:21  Probe  
  33  3:23  Assimilator  
  33  3:26  Assimilator  
  35  3:29  Pylon  
  35  3:31  Oracle  
  35  3:43  Probe x2  
  40  3:55  Probe x2  
  42  3:57  Pylon  
  42  4:01  Pylon  
  42  4:07  Probe  
  42  4:08  Phoenix  
  45  4:15  Probe  
  46  4:26  Probe  
  46  4:28  Probe  
  46  4:29  Sentry x2  
  52  4:53  Probe  
  52  4:54  Probe  
  52  4:58  Gateway  
  54  5:00  Gateway  
  54  5:02  Gateway  
  54  5:04  Gateway  
  54  5:07  Pylon  
  54  5:10  Gateway  
  54  5:15  Stalker  
  54  5:17  Zealot  
  54  5:19  Probe  
  54  5:20  Phoenix  
  59  5:33  Probe x2  
  63  5:36  Pylon  
  63  5:51  Phoenix  
  65  6:00  Twilight Council  
  65  6:02  Robotics Facility  
  65  6:04  Pylon  
  65  6:08  Forge  
  65  6:21  Phoenix  
  67  6:39  Probe x2  
  69  6:52  Charge  
  69  6:58  Stalker x3  
  69  6:59  Zealot x3  
  69  7:00  Zealot  
  83  7:03  Protoss Ground Weapons Level 1  
  83  7:06  Immortal  
  87  7:16  Robotics Bay  
  87  7:20  Templar Archives  
  87  7:22  Pylon  
  87  7:35  Void Ray  
  87  7:38  Observer  
  87  7:41  Nexus  
  70  7:58  Warp Prism  
  70  8:03  Protoss Air Weapons Level 1  
  66  8:12  Stalker x5  
  73  8:13  Stalker x2  
  71  8:45  Blink  
  71  8:46  Stalker x2  
  71  8:47  Void Ray, Stalker x5  
  83  8:51  Probe  
  83  8:52  Probe  
  85  9:01  Observer  
  90  9:03  Protoss Ground Armor Level 1  
  90  9:15  High Templar  
  90  9:16  High Templar  
  94  9:18  Zealot x4  
  94  9:20  Archon  
  57  9:48  Stalker  
  57  9:49  Stalker x4  
  57  9:50  Stalker  
  69  10:01  Colossus  
  75  10:19  Zealot  
  75  10:20  Zealot x5  
  75  10:21  Zealot  
  81  10:27  Void Ray  
  67  10:45  Stalker x2  
  67  10:46  Stalker x2  
  65  11:08  Zealot x3  
Tags
 
Add a new tag
Caveats
  • Supply blocks, unpowered buildings, or Contaminate may cause inaccurate times.
  • Supply counts are checked every 10 seconds.